 Dungeon Crawl Stone Soup version 0.24.0-13-gcf9b319 (webtiles) character file.

Game seed: 17929678994877124943, levelgen mode: deterministic

18 Balder the Charmwright (level 2, -12/16 HPs)
             Began as a Deep Elf Skald on May 7, 2020.
             Mangled by a gnoll
             ... wielding a +0 halberd
              (13 damage)
             ... on level 1 of the Dungeon.
             The game lasted 00:02:51 (1042 turns).

Balder the Charmwright (Deep Elf Skald)             Turns: 1042, Time: 00:02:52

Health: -12/16     AC:  3    Str:  8    XL:     2   Next: 51%
Magic:  8/8        EV: 12    Int: 17    God:
Gold:   61         SH:  0    Dex: 14    Spells: 6/7 levels left

rFire    . . .     SeeInvis .   a - +0 short sword
rCold    . . .     Gourm    .   (no shield)
rNeg     . . .     Faith    .   b - +0 leather armour
rPois    .         Spirit   .   (no helmet)
rElec    .         Reflect  .   (no cloak)
rCorr    .         Harm     .   (no gloves)
MR       .....                  (no boots)
Stlth    ++........             (no amulet)
HPRegen  0.05/turn              (no ring)
MPRegen  0.11/turn              (no ring)

@: no status effects
A: no striking features
a: no special abilities


You were on level 1 of the Dungeon.
You were not hungry.

You visited 1 branch of the dungeon, and saw 1 of its levels.

You collected 61 gold pieces.

Inventory:

Hand Weapons
 a - a +0 short sword (weapon)
 h - a +0 hunting sling
Armour
 b - a +0 leather armour (worn)
Scrolls
 c - 2 scrolls of remove curse {unknown}
 e - a scroll of enchant weapon {unknown}
 f - a scroll of fear {unknown}
 g - a scroll of amnesia {unknown}
 i - a scroll of blinking {unknown}
Potions
 k - a potion of heal wounds {unknown}
Comestibles
 d - a ration
 j - 6 chunks of flesh


   Skills:
 * Level 1.5 Fighting
 * Level 2.2 Short Blades
 + Level 1.1 Armour
 * Level 2.4 Dodging
 * Level 1.6 Stealth
 + Level 3.0 Spellcasting
 * Level 4.7 Charms


You had 6 spell levels left.
You knew the following spells:

 Your Spells              Type           Power        Failure   Level  Hunger
a - Infusion              Chrm           ###.         3%          1    None

Your spell library contained the following spells:

 Spells                   Type           Power        Failure   Level  Hunger
 Song of Slaying          Chrm           ###.....     5%          2    ##.....
 Shroud of Golubria       Chrm/Tloc      ##....       14%         2    ##.....
 Regeneration             Chrm/Necr      ##........   28%         3    ###....
 Spectral Weapon          Hex/Chrm       ##......     28%         3    ###....


Dungeon Overview and Level Annotations

Branches:
Dungeon (1/15)

Altars:


Message History

There is an open door here.
The gnoll barely misses you.
There is an open door here.
You hit the gnoll but do no damage. The gnoll closely misses you.
You hit the gnoll.
The gnoll is moderately wounded.
The gnoll completely misses you.
You barely miss the gnoll.
The gnoll is moderately wounded.
You hit the gnoll but do no damage.
The gnoll is moderately wounded.
The gnoll closely misses you.
You hit the gnoll.
The gnoll is severely wounded.
The gnoll closely misses you.
You hit the gnoll.
The gnoll is severely wounded.
The gnoll hits you with a +0 halberd!
Ouch! That really hurt!
You die...

#.# #. #.# #. #.# #.
############ #.# #. #....#.....#
#.# #.# #....#.....# ##### #.#
#.# #....#.....# ....# #..
#.###....#.....###....# #.#..
#...÷....'.....@g'....+ #.#..
#..##....#.....###....# #.#..
#..#######.###)# ##########.#..
#............................#..
#.######################......#.
#.)....................'......'.
###########...##########÷.....##
###...# #......# #.....#
#......#


You could see a gnoll.

Vanquished Creatures
  A dart slug (D:1)
  4 goblins (D:1)
  3 hobgoblins (D:1)
  A ball python (D:1)
  3 bats (D:1)
  2 frilled lizards (D:1)
  A kobold (D:1)
15 creatures vanquished.

Notes
Turn   | Place    | Note
-------+----------+-------------------------------------------
     0 | D:1      | Balder the Deep Elf Skald began the quest for the Orb.
     0 | D:1      | Reached XP level 1. HP: 12/12 MP: 6/6
   355 | D:1      | Reached skill level 1 in Stealth
   410 | D:1      | Reached XP level 2. HP: 15/16 MP: 8/8
   522 | D:1      | Reached skill level 1 in Armour
  1042 | D:1      | Mangled by a gnoll

Levels and vault maps discovered:
D:1:      scummos_arrival_gate, layout_basic

Skill      XL: |  1  2 |
---------------+-------+-----
Stealth        | 1 |  1.6
Armour         | 1 |  1.1
Fighting       | |  1.5
Short Blades   | |  2.2
Dodging        | |  2.4
Spellcasting   | |  3.0
Charms         | |  4.7

Action                   || total
-------------------------++-------
Melee: Short sword       ||    68
 Stab: Sleeping          ||     2
Armor: Leather armour    ||    11
Dodge: Dodged            ||    44
